 Dungeon Crawl Stone Soup version 0.23-a0-395-gcf17ac6c65 (webtiles) character file.

235 Napalmbreeze the Magician (level 5, -10/28 HPs)
             Began as a Deep Elf Fire Elementalist on Nov 2, 2018.
             Killed by divine providence
             ... invoked by an orc priest
              (11 damage)
             ... on level 3 of the Dungeon.
             The game lasted 00:07:18 (3221 turns).

Napalmbreeze the Magician (DEFE)                    Turns: 3221, Time: 00:07:19

Health: -10/28     AC:  4    Str:  5    XL:     5   Next: 76%
Magic:  1/14       EV: 13    Int: 21    God:
Gold:   141        SH:  0    Dex: 15    Spells: 3/13 levels left

rFire    + . .     SeeInvis .   e - +0 dagger
rCold    x . .     Gourm    .   (no shield)
rNeg     . . .     Faith    .   a - +0 robe
rPois    +         Spirit   .   (no helmet)
rElec    .         Reflect  .   k - +0 cloak
rCorr    .         Harm     .   d - +0 pair of gloves
MR       .....                  (no boots)
Stlth    ++........             (no amulet)
HPRegen  0.09/turn              f - ring of fire
MPRegen  0.14/turn              b - ring of poison resistance

@: no status effects
A: no striking features
a: no special abilities


You were on level 3 of the Dungeon.
You were not hungry.

You visited 1 branch of the dungeon, and saw 3 of its levels.

You collected 141 gold pieces.

Inventory:

Hand Weapons
 e - a +0 dagger (weapon)
Armour
 a - a +0 robe (worn)
 d - a +0 pair of gloves (worn)
 k - a +0 cloak (worn)
Jewellery
 b - a ring of poison resistance (right hand)
 f - a ring of fire (left hand)
Scrolls
 i - 3 scrolls of teleportation {unknown}
 l - a scroll of identify {unknown}
Potions
 g - 2 potions of heal wounds {unknown}
 j - a potion of agility {unknown}
Comestibles
 c - 5 rations


   Skills:
 - Level 2.4 Dodging
 - Level 2.4 Stealth
 + Level 4.7 Spellcasting
 * Level 4.5 Conjurations
 + Level 4.5 Fire Magic


You had 3 spell levels left.
You knew the following spells:

 Your Spells              Type           Power        Failure   Level  Hunger
a - Flame Tongue          Conj/Fire      #####        1%          1    None
d - Conjure Flame         Conj/Fire      #####...     4%          3    ##.....
f - Sticky Flame          Conj/Fire      #####...     17%         4    ####...
s - Throw Flame           Conj/Fire      #####.       2%          2    #......

Your spell library contained the following spells:

 Spells                   Type           Power        Failure   Level  Hunger
 Inner Flame              Hex/Fire       ###.....     13%         3    ##.....
 Fireball                 Conj/Fire      #####.....   43%         5    ######.


Dungeon Overview and Level Annotations

Branches:
Dungeon (3/15)

Altars:
Sif Muna

Annotations:
D:3 2 transporters, SnubMonkey's ghost, amateur GrFi


Message History

You kill the giant cockroach!
Casting: Sticky Flame (slightly dangerous; 17% risk of failure)
Confirm with . or Enter, or press ? or * to list all spells.
Aiming: Flame Tongue (safe; 1% risk of failure)
Press: ? - help, Shift-Dir - straight line, f - orc priest
Aim: an orc priest, wielding a +0 flail You feel a surge of power!
The flame tongue misses the orc priest.
Casting: Flame Tongue (safe; 1% risk of failure)
Confirm with . or Enter, or press ? or * to list all spells.
Aiming: Sticky Flame (slightly dangerous; 17% risk of failure)
Press: ? - help, Shift-Dir - straight line, f/p - orc priest
Aim: an orc priest, wielding a +0 flail You feel a surge of power!
The sticky flame hits the orc priest.
The orc priest is heavily wounded.
The orc priest is covered in liquid flames!
The orc priest burns!
The orc priest begins to cast a cantrip, but forgets the words!
The orc priest mumbles some strange prayers to Beogh against you.
Beogh smites you!
You die...

# ####. ...# #>###o#
#.o.o.# .# #)##### #(#
#o# #.# #@# #.# #.# #.#
##.## #.#######...##
#######.##......#.....#
........##.####...###.#
###................#
########.####..#.#
##.....##..#.#


You could see 2 orc priests.

Vanquished Creatures
  Crazy Yiuf (D:2)
  An orc wizard (D:3)
  Terence (D:2)
  Natasha (D:2)
  4 gnolls (D:3)
  An adder (D:3)
  2 oozes (D:1)
  A worm (D:2)
  4 dart slugs
  4 leopard geckos (D:1)
  6 orcs (D:3)
  3 ball pythons (D:1)
  7 bats
  5 giant cockroaches
  5 goblins
  2 hobgoblins
  3 jackals
  A quokka (D:3)
  2 frilled lizards
  3 kobolds
  3 rats
60 creatures vanquished.

Vanquished Creatures (others)
  4 toadstools (D:1)
4 creatures vanquished.

Grand Total: 64 creatures vanquished

Notes
Turn   | Place    | Note
-------+----------+-------------------------------------------
     0 | D:1      | Napalmbreeze the Deep Elf Fire Elementalist began the quest
                  | for the Orb.
     0 | D:1      | Reached XP level 1. HP: 10/10 MP: 6/6
   161 | D:1      | Reached XP level 2. HP: 15/15 MP: 6/8
   172 | D:1      | Learned a level 2 spell: Throw Flame
   565 | D:1      | Reached XP level 3. HP: 14/19 MP: 6/10
   570 | D:1      | Learned a level 3 spell: Conjure Flame
  1185 | D:2      | Noticed Terence
  1190 | D:2      | Killed Terence
  1190 | D:2      | Reached XP level 4. HP: 24/24 MP: 4/11
  1196 | D:2      | Learned a level 4 spell: Sticky Flame
  1266 | D:2      | Found a runed door.
  1321 | D:2      | Noticed Crazy Yiuf
  1324 | D:2      | Killed Crazy Yiuf
  1448 | D:2      | Found a deep blue altar of Sif Muna.
  1567 | D:2      | Noticed Natasha
  2512 | D:2      | Killed Natasha
  2512 | D:2      | Reached XP level 5. HP: 27/28 MP: 7/13
  2550 | D:2      | Found a deep blue altar of Sif Muna.
  3003 | D:3      | Found a transporter.
  3153 | D:3      | Noticed SnubMonkey's ghost (amateur GrFi)
  3164 | D:3      | Found a transporter.
  3216 | D:3      | HP: 1/28 [orc priest/divine providence (12)]
  3221 | D:3      | Killed from afar by an orc priest

Vault maps used:
D:1:      ldierk_walled_garden_2, corexii_item_surrounded_by_moat
D:2:      marbit_many_paths, uniq_natasha, uniq_crazy_yiuf_cottage, uniq_terence
D:3:      nicolae_qazlal_eye_of_the_storm, first_ration, gammafunk_ghost_arena,
          nicolae_ru_awakened_eye

Skill      XL: |  1  2  3  4  5 |
---------------+----------------+-----
Conjurations   | 2 3 4 |  4.5
Spellcasting   | 4 |  4.7
Fire Magic     | 4 |  4.5
Dodging        | |  2.4
Stealth        | |  2.4

Action                   |  1- 3 |  4- 6 || total
-------------------------+-------+-------++-------
Melee: Dagger            |     3 |       ||     3
 Cast: Flame Tongue      |    31 |    41 ||    72
       Throw Flame       |    14 |     9 ||    23
       Conjure Flame     |       |     3 ||     3
       Sticky Flame      |       |     3 ||     3
  Eat: Chunk             |     1 |     7 ||     8
Armor: Robe              |     2 |       ||     2
Dodge: Dodged            |     3 |     2 ||     5

Table legend:
 A = Non-vault XP
 B = Vault XP
 C = Vault XP percentage of total XP
 D = Non-vault monster count
 E = Vault monster count
 F = Vault count percentage of total count
                 A         B        C        D         E       F
            +---------+---------+-------+---------+---------+-------
      Total |     224 |     113 |  33.5 |      56 |       4 |   6.7
            +---------+---------+-------+---------+---------+-------
        D:1 |      56 |       0 |   0.0 |      24 |       0 |   0.0
        D:2 |      30 |     113 |  79.0 |      14 |       4 |  22.2
        D:3 |     138 |       0 |   0.0 |      18 |       0 |   0.0
            +---------+---------+-------+---------+---------+-------
